 Dungeon Crawl Stone Soup version 0.19-a0-1365-gb34f4cb (webtiles) character file.

47 Amnesiac the Grave Robber (level 3, -2/19 HPs)
             Began as a Deep Elf Necromancer on Sept 3, 2016.
             Slain by a kobold
             ... wielding a +0 whip
              (7 damage)
             ... on level 2 of the Dungeon.
             The game lasted 00:02:11 (642 turns).

Amnesiac the Grave Robber (Deep Elf Necromancer)     Turns: 642, Time: 00:02:12

Health: -2/19      AC:  3    Str:  5    XL:     3   Next: 48%
Magic:  8/10       EV: 13    Int: 19    God:
Gold:   37         SH:  0    Dex: 16    Spells: 2 memorised, 6 levels left

rFire  . . .     SeeInvis .     d - +0 trident
rCold  . . .     Gourm    .     a - +0 robe
rNeg   . . .     Faith    .     (no shield)
rPois  .         Spirit   .     (no helmet)
rElec  .         Dismiss  .     i - +0 cloak
rCorr  .         Reflect  .     (no gloves)
MR     .....     Harm     .     (no boots)
Stlth  ++........               (no amulet)
                                (no ring)
                                (no ring)

@: no status effects
A: no striking features
a: no special abilities


You were on level 2 of the Dungeon.
You were not hungry.

You visited 1 branch of the dungeon, and saw 3 of its levels.

You collected 37 gold pieces.

Inventory:

Hand Weapons
 d - a +0 trident (weapon)
Armour
 a - a +0 robe (worn)
 i - a +0 cloak (worn)
Scrolls
 f - 2 scrolls of random uselessness {unknown}
 g - a scroll of fog {unknown}
 j - a scroll of identify {unknown}
Potions
 e - a potion of curing {unknown}
 k - a potion of flight {unknown}
Books
 b - a book of Necromancy

   Spells                             Type                      Level
   a - Pain                           Necromancy                   1
   b - Animate Skeleton               Necromancy                   1
   c - Vampiric Draining              Necromancy                   3
   d - Regeneration                   Charms/Necromancy            3
   e - Animate Dead                   Necromancy                   4
   f - Control Undead                 Necromancy                   4
Comestibles
 c - 3 bread rations
 h - a slice of pizza


   Skills:
 - Level 2.4 Dodging
 - Level 2.4 Stealth
 + Level 4.0 Spellcasting
 * Level 5.8 Necromancy


You had 6 spell levels left.
You knew the following spells:

 Your Spells              Type           Power        Failure   Level  Hunger
f - Vampiric Draining     Necr           ####......   4%          3    ###....
z - Pain                  Necr           ####         1%          1    None


Dungeon Overview and Level Annotations

Branches:
Dungeon (3/15)

Altars:


Message History

Magic restored.
You start resting.
Something unseen opens the door.
You start resting.
A kobold comes into view. It is wielding a whip.
A kobold is nearby!
Casting: Pain
Confirm with . or Enter, or press ? or * to list all spells.
Aiming: Pain
Press: ? - help, Shift-Dir - straight line, f - kobold
Aim: a kobold, wielding a whip and wearing a chain mail (hasn't noticed you, chance to defeat MR: 96%)
The kobold shouts!
The kobold writhes in agony!
Casting: Pain
Confirm with . or Enter, or press ? or * to list all spells.
Aiming: Pain
Press: ? - help, Shift-Dir - straight line, f/p - kobold
Aim: a kobold, wielding a whip and wearing a chain mail (heavily wounded, chance to defeat MR: 96%)
The kobold writhes in agony!
The kobold hits you with a whip!
You die...

##.##...#
##.#.####.#..
#....##### #.#.#
#.### #....#...#
#.#.# #....
####..#.#.#.#
#.#.# #####
#.....#.#o#.#
#[#.#
#..####.#†#.#
#.#.#
.#####.......#.#.#
#.#.#
........##.....#)#
#.#'###
...............#@#
#.....#
#####.).##....##K#
#.....#
#..>......'..#
#.....#
#.####....####
#.....# #. #....#
#.#.### .. ######
#.#.# ... #.#.#
#.. ..## #.#.#####
## ..# ###
#.......#


You could see a kobold.

Vanquished Creatures
  Terence (D:2)
  A giant gecko (D:3)
  2 orcs (D:2)
  2 goblins (D:2)
  A hobgoblin (D:2)
  4 jackals (D:3)
  2 quokkas (D:2)
  2 giant newts
  2 kobolds (D:2)
  5 rats (D:2)
22 creatures vanquished.

Notes
Turn   | Place    | Note
-------+----------+-------------------------------------------
     0 | D:1      | Amnesiac the Deep Elf Necromancer began the quest for the Orb.
     0 | D:1      | Reached XP level 1. HP: 10/10 MP: 6/6
     0 | D:1      | You fall through a shaft!
    30 | D:2      | Noticed Terence
    39 | D:2      | Killed Terence
    39 | D:2      | Reached skill level 5 in Necromancy
    39 | D:2      | Reached XP level 2. HP: 10/15 MP: 2/8
   340 | D:2      | Reached XP level 3. HP: 14/19 MP: 3/10
   347 | D:2      | Learned a level 3 spell: Vampiric Draining
   642 | D:2      | Slain by a kobold

Vault maps used:
D:1:      mrwooster_arrival_statue_3
D:2:      lemuel_upstairs_altar, hex_large, hex_tiny, evilmike_ruin_ashenzari,
          uniq_terence
D:3:      first_bread, dk_noncrumbling_3, uniq_purgy, uniq_crazy_yiuf_cottage

Skill      XL: |  1  2  3 |
---------------+----------+-----
Necromancy     | 5 |  5.8
Spellcasting   | 4 |  4.0
Dodging        | |  2.4
Stealth        | |  2.4

Action                   || total
-------------------------++-------
Melee: Trident           ||     4
 Cast: Pain              ||    34
       Vampiric Draining ||     2
Armor: Robe              ||     1
Dodge: Dodged            ||    13
